 Dungeon Crawl Stone Soup version 0.25-a0-96-g4073cf80fb (webtiles) character file.

Game seed: 8985583052828489227, levelgen mode: deterministic

2971 vurker the Thaumaturge (level 9, -5/68 HPs)
             Began as a Mummy Necromancer on Nov 11, 2019.
             Was a Believer of Kikubaaqudgha.
             Slain by an ogre
             ... wielding a +0 giant club
              (13 damage)
             ... on level 8 of the Dungeon.
             The game lasted 00:22:20 (10663 turns).

vurker the Thaumaturge (Mummy Necromancer)         Turns: 10663, Time: 00:22:21

Health: -5/68      AC:  8    Str: 12    XL:     9   Next: 53%
Magic:  3/22       EV: 11    Int: 17    God:    Kikubaaqudgha [**....]
Gold:   502        SH:  0    Dex: 12    Spells: 19/27 levels left

rFire    . . .     SeeInvis +   e - +1 dagger (vamp)
rCold    + + +     Gourm    .   (no shield)
rNeg     + + +     Faith    .   l - +2 leather armour {rC+}
rPois    ∞         Spirit   .   (no helmet)
rElec    .         Reflect  .   d - scarf {rC+ rF+}
rCorr    +         Harm     .   n - +0 pair of gloves (curse)
MR       +....                  k - +1 pair of boots {Fly}
Stlth    +.........             j - amulet of the acrobat
HPRegen  0.21/turn              i - ring of see invisible
MPRegen  0.18/turn              p - ring of resist corrosion

@: flying
A: no food or potions, fire vulnerability, cold resistance 1, negative energy
resistance 3, torment resistance, unbreathing
a: Receive Corpses, Renounce Religion, Stop Flying


You were on level 8 of the Dungeon.
You worshipped Kikubaaqudgha.
Kikubaaqudgha was pleased with you.
You were not hungry.

You visited 1 branch of the dungeon, and saw 8 of its levels.

You collected 502 gold pieces.

Inventory:

Hand Weapons
 e - a +1 vampiric dagger (weapon)
   (You took it off an orc on level 3 of the Dungeon)
Armour
 d - a scarf of resistance (worn)
   (You found it on level 7 of the Dungeon)
 k - a +1 pair of boots of flying (worn)
   (You found it on level 7 of the Dungeon)
 l - a +2 leather armour of cold resistance (worn)
   (You took it off an orc on level 4 of the Dungeon)
 n - a cursed +0 pair of gloves (worn)
   (You found it on level 5 of the Dungeon)
Jewellery
 i - a ring of see invisible (left hand)
   (You found it on level 2 of the Dungeon)
 j - an amulet of the acrobat (around neck)
   (You found it on level 2 of the Dungeon)
 p - a ring of resist corrosion (right hand)
   (You found it on level 7 of the Dungeon)
Wands
 u - a wand of paralysis (15)
   (You found it on level 4 of the Dungeon)
 v - a wand of digging (2)
   (You took it off an orc on level 4 of the Dungeon)
 x - a wand of acid (11)
   (You found it on level 7 of the Dungeon)
Scrolls
 a - 2 scrolls of fear
 b - 6 scrolls of remove curse
 c - 4 scrolls of identify
 f - a scroll of immolation
 g - 3 scrolls of enchant armour
 h - 2 scrolls of teleportation
 m - 2 scrolls of enchant weapon


   Skills:
 + Level 5.4 Fighting
 - Level 1.5 Dodging
 - Level 1.5 Stealth
 * Level 9.9 Spellcasting
 * Level 9.0 Necromancy
 + Level 3.2 Evocations


You had 19 spell levels left.
You knew the following spells:

 Your Spells              Type           Power        Failure   Level  Hunger
a - Pain                  Necr           ####         1%          1    N/A
c - Animate Dead          Necr           N/A          2%          4    N/A
z - Vampiric Draining     Necr           #####.....   1%          3    N/A

Your spell library contained the following spells:

 Spells                   Type           Power        Failure   Level  Hunger
 Animate Skeleton         Necr           N/A          1%          1    N/A
 Corpse Rot               Necr           N/A          1%          2    N/A
 Confusing Touch          Hex            #.....       11%         1    N/A
 Confuse                  Hex            #.......     32%         3    N/A
 Gell's Gravitas          Tloc           #.........   32%         3    N/A
 Petrify                  Tmut/Erth      #.......     73%         4    N/A
 Metabolic Englaciation   Hex/Ice        #.........   97%         5    N/A
 Yara's Violent Unravell  Hex/Tmut       #.........   97%         5    N/A
 Regeneration             Chrm/Necr      Unusable     N/A         3    N/A

Dungeon Overview and Level Annotations

Branches:
Dungeon (8/15)             Temple (0/1) D:6
   Lair: D:8-11

Altars:
Cheibriados
Gozag
Kikubaaqudgha
Makhleb
Nemelex Xobeh
Okawaru

Shops:
D:5 (**


Innate Abilities, Weirdness & Mutations

You do not eat or drink.
Your flesh is vulnerable to fire.
You are immune to poison.
Your flesh is cold resistant. (rC+)
You are immune to negative energy. (rN+++)
You are immune to unholy pain and torment.
You can survive without breathing.


Message History

The crimson imp barely misses you.
Aim: a scorpion (heavily wounded)
You kill the scorpion!
Kikubaaqudgha accepts your kill.
Your Necromancy skill increases to level 9!
You feel life coursing into your body. The wight hits you but does no damage.
The wight hits you from afar with a +0 halberd.
* * * LOW HITPOINT WARNING * * *
The crimson imp hits you but does no damage.
Your orc zombie hits the wight with a +0 mace.
The wight barely misses your orc zombie.
The crimson imp completely misses you. Something hits your orc zombie.
The crimson imp closely misses you.
Your orc zombie misses the crimson imp.
Something hits your orc zombie!
Your orc zombie is destroyed!
A leopard gecko comes into view.
Found a stone staircase leading up.
The crimson imp blinks!
Aim: a wight, wielding a +0 flail and wearing a +0 robe (chance to defeat MR: 55%)
Okay, then.
Unknown command.
You closely miss the crimson imp. The wight closely misses you.
The crimson imp closely misses you.
You closely miss the crimson imp.
The centaur unwields a +0 shortbow.
The centaur hits you.
* * * LOW HITPOINT WARNING * * *
The wight hits you with a cursed +0 flail.
* * * LOW HITPOINT WARNING * * *
The crimson imp hits you but does no damage.
Aim: a centaur You feel life coursing into your body.
The centaur hits you but does no damage.
The wight closely misses you. The crimson imp closely misses you.
You don't have enough magic to cast that spell.
You hit the centaur. The centaur completely misses you.
The centaur closely misses you. The crimson imp misses you.
You hit the centaur.
You feel better. The centaur hits you!
* * * LOW HITPOINT WARNING * * *
The wight hits you with a cursed +0 flail.
* * * LOW HITPOINT WARNING * * *
The crimson imp hits you but does no damage.
You hit the centaur.
You feel better.
You kill the centaur!
Kikubaaqudgha accepts your kill. The wight barely misses you.
The crimson imp hits you but does no damage.
You hit the ogre. The ogre hits you with a +0 giant club!
You die...
Kikubaaqudgha rasps: "You have failed me!
Welcome... oblivion!"

#.#....O...........
#.##....###.###...
####......z.).(#
#........#o##o.#
....##.#####.##..#
######.# #[##..#
#...z.#
#.##..###..l
#z###)#
#.##zz...... #.#
#)# #.5@Oo......
#.# #.#
#..#########. #z#
#.# #. #.# #.# #
####o###.#
....#....#
####.##### #.# #.#


You could see an ogre, 2 wights, a crimson imp and 2 orcs.

Vanquished Creatures
  A hornet (D:8)
  Sigmund (D:4)
  Grum (D:8)
  Menkaure (D:5)
  Edmund (D:5)
  A phantom (D:5)
  2 centaurs
  4 ogres
  3 wolves
  3 bullfrogs (D:7)
  A water moccasin skeleton (D:8)
  2 scorpions
  A wight (D:8)
  2 orc priests (D:7)
  5 hounds
  Crazy Yiuf (D:4)
  2 orc wizards
  A bullfrog skeleton (D:8)
  A centaur skeleton (D:7)
  Terence (D:2)
  An iguana (D:8)
  12 worker ants
  A killer bee zombie (D:7)
  A mummy (D:4)
  7 gnolls
  13 adders
  3 shadow imps (D:5)
  An ooze (D:2)
  3 dart slugs
  4 leopard geckos
  12 orcs
  3 giant cockroaches
  7 goblins
  8 hobgoblins
  6 jackals
  3 quokkas
  5 bats
  9 frilled lizards
  9 kobolds
  A quokka skeleton (D:5)
  4 rats
  A fungus (D:4)
149 creatures vanquished.

Vanquished Creatures (collateral kills)
  A phantom (D:6)
  A wight (D:8)
  A bullfrog skeleton (D:4)
  An iguana (D:5)
  A killer bee zombie (D:7)
  2 orcs
7 creatures vanquished.

Grand Total: 156 creatures vanquished

Notes
Turn   | Place    | Note
-------+----------+-------------------------------------------
     0 | D:1      | vurker the Mummy Necromancer began the quest for the Orb.
     0 | D:1      | Reached XP level 1. HP: 13/13 MP: 4/4
    33 | D:1      | Learned a level 1 spell: Animate Skeleton
   172 | D:1      | Reached XP level 2. HP: 17/20 MP: 0/6
  1379 | D:2      | Reached XP level 3. HP: 25/25 MP: 1/8
  1394 | D:1      | Reached skill level 1 in Fighting
  1548 | D:2      | Noticed Terence
  1942 | D:2      | Killed Terence
  1942 | D:2      | Reached XP level 4. HP: 12/32 MP: 2/10
  2374 | D:2      | Found an opulent altar of Gozag.
  2374 | D:2      | Found a burning altar of Makhleb.
  2453 | D:2      | Found an ancient bone altar of Kikubaaqudgha.
  2455 | D:2      | Found a snail-covered altar of Cheibriados.
  2470 | D:2      | Became a worshipper of Kikubaaqudgha
  2601 | D:2      | Reached skill level 5 in Necromancy
  3075 | D:3      | Learned a level 3 spell: Vampiric Draining
  3132 | D:3      | Reached XP level 5. HP: 38/38 MP: 7/11
  3330 | D:3      | Learned a level 4 spell: Animate Dead
  4207 | D:4      | Reached skill level 5 in Spellcasting
  4257 | D:3      | Reached XP level 6. HP: 37/46 MP: 2/13
  4439 | D:4      | Reached * piety under Kikubaaqudgha
  4439 | D:4      | Identified Kikubaaqudgha's Volume of Dark Magic
                  | (Kikubaaqudgha gifted it to you on level 4 of the Dungeon)
  4439 | D:4      | Received a gift from Kikubaaqudgha
  5302 | D:4      | Noticed Sigmund
  5310 | D:4      | Reached XP level 7. HP: 52/52 MP: 10/16
  5322 | D:4      | Killed Sigmund
  5699 | D:4      | Found a runed translucent door.
  5700 | D:4      | Noticed Crazy Yiuf
  5708 | D:4      | Killed Crazy Yiuf
  5798 | D:5      | Entered Level 5 of the Dungeon
  5798 | D:5      | Found Upalup's General Store.
  5897 | D:5      | Found Cogharr's Antique Weapon Emporium.
  6278 | D:5      | Noticed Menkaure
  6294 | D:5      | Killed Menkaure
  6294 | D:5      | Reached skill level 1 in Evocations
  6294 | D:5      | Reached XP level 8. HP: 28/60 MP: 19/19
  6481 | D:5      | Found Boni's General Store.
  6823 | D:5      | Noticed Edmund
  6839 | D:5      | Killed Edmund
  7825 | D:6      | Found a staircase to the Ecumenical Temple.
  7938 | D:6      | Found a sparkling altar of Nemelex Xobeh.
  9166 | D:7      | You fall into a shaft and drop 1 floor!
  9188 | D:8      | Reached XP level 9. HP: 42/67 MP: 21/21
  9366 | D:7      | Reached ** piety under Kikubaaqudgha
  9588 | D:7      | Found an iron altar of Okawaru.
  9865 | D:8      | Noticed Grum
  9869 | D:8      | Reached skill level 5 in Fighting
  9893 | D:8      | Killed Grum
  9934 | D:7      | HP: 2/68 [wolf[Grum] (2)]
 10647 | D:8      | HP: 2/68 [wight/+0 halberd (15)]
 10663 | D:8      | Slain by an ogre

Levels and vault maps discovered:
D:1:      mrwooster_arrival_statue_2, layout_basic
D:2:      layout_basic, chequers_temple_overflow_statue_of_worship, uniq_terence
D:3:      layout_basic, first_ration
D:4:      layout_cave_pools, gup_ossuary_entry_pyramid, uniq_sigmund,
          uniq_crazy_yiuf_cottage
D:5:      layout_basic, serial_shops, shop, nicolae_shop_behind_doors,
          kennysheep_mini, minmay_small_thing, uniq_menkaure, uniq_edmund
D:6:      layout_loops_ring, minmay_temple_entry_junction,
          nemelex_diamond_rough_becter
D:7:      layout_rooms, okawaru_gym_becter
D:8:      layout_loops_ring, lair_entry_dummy, uniq_grum

Skill      XL: |  1  2  3  4  5  6  7  8  9 |
---------------+----------------------------+-----
Spellcasting   | 3 4 5 6 7 8 9 |  9.9
Fighting       | 1 2 3 4 5 |  5.4
Necromancy     | 5 6 7 8 9 |  9.0
Evocations     | 1 2 3 |  3.2
Dodging        | |  1.5
Stealth        | |  1.5

Action                   |  1- 3 |  4- 6 |  7- 9 || total
-------------------------+-------+-------+-------++-------
Melee: Unarmed           |    47 |       |       ||    47
       Dagger            |     1 |       |   246 ||   247
       Falchion          |       |    16 |    47 ||    63
 Cast: Pain              |    68 |   150 |   176 ||   394
       Animate Skeleton  |     2 |     1 |       ||     3
       Animate Dead      |       |     5 |    23 ||    28
       Vampiric Draining |       |       |    14 ||    14
Invok: Receive Corpses   |       |       |     1 ||     1
Evoke: Wand              |       |     1 |       ||     1
  Use: Scroll            |       |     8 |     5 ||    13
 Stab: Sleeping          |       |     1 |     1 ||     2
       Distracted        |       |     1 |     1 ||     2
Armor: Robe              |    17 |    13 |       ||    30
       Leather armour    |       |     3 |   148 ||   151
Dodge: Dodged            |    50 |    48 |   300 ||   398
       Rpst.: Falchion   |       |     9 |     9 ||    18

Table legend:
 A = Non-vault XP
 B = Vault XP
 C = Vault XP percentage of total XP
 D = Non-vault monster count
 E = Vault monster count
 F = Vault count percentage of total count
                 A         B        C        D         E       F
            +---------+---------+-------+---------+---------+-------
      Total |    3060 |    1185 |  27.9 |     144 |      11 |   7.1
            +---------+---------+-------+---------+---------+-------
        D:1 |      46 |       0 |   0.0 |      26 |       0 |   0.0
        D:2 |     108 |      36 |  25.0 |      23 |       1 |   4.2
        D:3 |     128 |       0 |   0.0 |      19 |       0 |   0.0
        D:4 |     418 |     279 |  40.0 |      20 |       3 |  13.0
        D:5 |     457 |     402 |  46.8 |      15 |       3 |  16.7
        D:6 |     422 |       0 |   0.0 |       7 |       0 |   0.0
        D:7 |     724 |     124 |  14.6 |      19 |       1 |   5.0
        D:8 |     757 |     344 |  31.2 |      15 |       3 |  16.7
            +---------+---------+-------+---------+---------+-------
